 Dungeon Crawl Stone Soup version 0.27-a0-1572-gacd6f1ce93 (webtiles) character file.

Game seed: 7448731931062720242

95 DocSulfur the Sneak (level 4, 0/21 HPs)
             Began as a Spriggan Enchanter on July 17, 2021.
             Killed by nerve-wracking pain
             ... invoked by Jessica
              (7 damage)
             ... on level 2 of the Dungeon.
             The game lasted 00:07:25 (2958 turns).

DocSulfur the Sneak (Spriggan Enchanter)            Turns: 2958, Time: 00:07:25

Health: 0/21       AC:  2    Str:  4    XL:     4   Next: 39%
Magic:  4/9        EV: 17    Int: 16    God:
Gold:   70         SH:  0    Dex: 16    Spells: 1/8 levels left

rFire    . . .     SeeInvis +   a - +1 dagger
rCold    . . .     Faith    .   (shield restricted)
rNeg     . . .     Spirit   .   b - +0 robe
rPois    .         Reflect  .   (helmet restricted)
rElec    .         Harm     .   (no cloak)
rCorr    .         Rampage  .   (gloves unavailable)
Will     .....                  (boots unavailable)
Stlth    +++.......             (no amulet)
HPRegen  0.07/turn              (no ring)
MPRegen  0.11/turn              (no ring)

@: confusing by touch, flying, very quick
A: very small, no large weapons, unfitting armour, see invisible, speed 3
a: no special abilities


You were on level 2 of the Dungeon.
You visited 1 branch of the dungeon, and saw 2 of its levels.

You collected 70 gold pieces.

Inventory:

Hand Weapons
 a - a +1 dagger (weapon)
Missiles
 j - 16 poisoned darts (quivered)
Armour
 b - a +0 robe (worn)
Jewellery
 d - a ring of positive energy
Scrolls
 e - a scroll of enchant weapon {unknown}
 g - a scroll of vulnerability {unknown}
 i - 3 scrolls of identify {unknown}
 k - a scroll of teleportation {unknown}
Potions
 c - a potion of curing
 h - a potion of magic {unknown}


   Skills:
 * Level 3.2 Short Blades
 - Level 2.6 Dodging
 * Level 6.2 Stealth
 - Level 2.6 Spellcasting
 + Level 4.0 Hexes


You had one spell level left.
You knew the following spells:

 Your Spells              Type           Power      Damage    Failure   Level
a - Corona                Hex            16%        N/A       3%          1
b - Confusing Touch       Hex            15%        N/A       11%         3
c - Tukima's Dance        Hex            15%        N/A       11%         3

Your spell library contained the following spells:

 Spells                   Type           Power      Damage    Failure   Level
 Ensorcelled Hibernation  Hex/Ice        16%        N/A       13%         2
 Dazzling Flash           Conj/Hex       16%        N/A       26%         3


Dungeon Overview and Level Annotations

Branches:
Dungeon (2/15)

Altars:

Shops:
D:1 *   D:2 [

Annotations:
D:2 Jessica


Innate Abilities, Weirdness & Mutations

You are very small and have problems with some larger weapons.
You are too small for most types of armour.
You have supernaturally acute eyesight. (SInv)
You cover ground extremely quickly. (Speed+++)


Message History

Jessica shouts!
Jessica gestures wildly while chanting.
Jessica blinks!
Casting: Confusing Touch (extremely dangerous; 11% risk of failure)
Confirm with . or Enter, or press ? or * to list all spells.
The spell is extremely dangerous to cast (11% risk of failure)!
Continue anyway?
Your hands begin to glow red.
Hit: a) +1 dagger
Press: ? - help, Dir - move target, f - Jessica
Aim: Jessica, wielding a +0 club and wearing a +0 robe (chance to confuse on hit: 54%, about 21% to evade your +1 dagger)
Your weapon can't reach that far!
Okay, then.
Jessica casts a spell.
Jessica seems to speed up.
You barely miss Jessica. Jessica misses you.
You hit Jessica but do no damage. Jessica hits you with a +0 club.
You hit Jessica but do no damage. Jessica barely misses you.
Jessica misses you.
You hit Jessica but do no damage.
Your hands stop glowing.
Jessica casts a spell at you. Pain shoots through your body!
Ouch! That really hurt!
You completely miss Jessica. Jessica barely misses you.
You barely miss Jessica.
Jessica casts a spell.
Jessica blinks!
You barely miss Jessica. Jessica casts a spell at you.
You easily resist.
It was a potion of flight.
You feel very buoyant.
You fly up into the air.
Jessica closely misses you.
Casting: Confusing Touch (extremely dangerous; 11% risk of failure)
Confirm with . or Enter, or press ? or * to list all spells.
The spell is extremely dangerous to cast (11% risk of failure)!
Continue anyway?
Your hands begin to glow red.
Jessica gestures at you while chanting. Pain shoots through your body!
You die...

.# ########.####
#...........########### #######
#...........#(......... #.....#
#.......[...#..........
#.....#####......................
#.......##...##..................
#.......##...##..................
#.....>........@@...###..........
.................................
...#.........#####.#.#...........
...#.........# #.#.#...........
...#.........# #.#.#...........
.............#####.#...#####..##.
.............#......#.........##.
.............#......#.........#..
.............#......##..(........


You could see Jessica (fast).

Vanquished Creatures
  A jelly (D:2)
  2 adders (D:2)
  A dart slug (D:1)
  3 ball pythons
  3 bats
  5 endoplasms
  2 giant cockroaches (D:2)
  5 goblins
  6 hobgoblins
  5 kobolds
  A quokka (D:2)
  4 frilled lizards
  2 rats (D:2)
40 creatures vanquished.

Vanquished Creatures (others)
  A plant (D:2)
1 creature vanquished.

Grand Total: 41 creatures vanquished

Notes
Turn   | Place    | Note
-------+----------+-------------------------------------------
     0 | D:1      | DocSulfur the Spriggan Enchanter began the quest for the
                  | Orb.
     0 | D:1      | Reached XP level 1. HP: 9/9 MP: 5/5
    62 | D:1      | Found Ympu's General Store.
   675 | D:1      | Found a faded altar of an unknown god.
   689 | D:1      | Reached XP level 2. HP: 13/13 MP: 6/6
   700 | D:1      | Reached skill level 5 in Stealth
  1402 | D:2      | Reached XP level 3. HP: 10/16 MP: 6/8
  1406 | D:2      | Learned a level 3 spell: Confusing Touch
  1410 | D:2      | Learned a level 3 spell: Tukima's Dance
  1856 | D:2      | Found Voesuzoi's Antique Armour Emporium.
  2394 | D:2      | Reached skill level 6 in Stealth
  2394 | D:2      | Reached XP level 4. HP: 15/21 MP: 4/9
  2741 | D:2      | Noticed Jessica
  2958 | D:2      | Killed from afar by Jessica

Illustrated notes

Levels and vault maps discovered:
D:1:      minmay_arrival_jagged, layout_basic, serial_shops, shop,
          shapermc_ecumenical_altar_mp_urbaneastern, minmay_misc_feat_plants,
          corexii_hall_statues_u, minmay_hexomino_c4
D:2:      layout_basic, serial_shops, nicolae_shop_overgrown_old_shop,
          minmay_3d_cube, uniq_jessica

Skill      XL: |  1  2  3 |
---------------+----------+-----
Stealth        | 5 6 |  6.2
Short Blades   | 2 3 |  3.2
Hexes          | 4 |  4.0
Dodging        | |  2.6
Spellcasting   | |  2.6

Action                   |  1- 3 |  4- 6 || total
-------------------------+-------+-------++-------
Melee: Dagger            |   137 |    29 ||   166
Throw: Dart              |     1 |       ||     1
 Cast: Corona            |    36 |     2 ||    38
       Confusing Touch   |     2 |     3 ||     5
  Use: Potion            |       |     2 ||     2
 Stab: Sleeping          |     6 |     3 ||     9
       Confused          |     2 |     1 ||     3
Armor: Robe              |    11 |     5 ||    16
Dodge: Dodged            |   112 |    26 ||   138

Table legend: (Time is in decaauts)
 A = Elapsed time spent in this place.
 B = Non-inter-level travel time spent in this place.
 C = Inter-level travel time spent in this place.
 D = Time resting spent in this place.
 E = Time spent auto-exploring this place.
 F = Levels seen in this place.
 G = Mean time per level.
                   A        B        C        D        E       F      G
               +--------+--------+--------+--------+--------+-----+--------+
         Total |   2287 |   2259 |     28 |    447 |   1176 |   2 | 1143.5 |
       Dungeon |   2287 |   2259 |     28 |    447 |   1176 |   2 | 1143.5 |
               +--------+--------+--------+--------+--------+-----+--------+

Top non-repeatable levels by time:
     D:2: 1153 daAuts
     D:1: 1133 daAuts
